 Dungeon Crawl Stone Soup version 0.20-a0-949-g916514f (webtiles) character file.

70 Isola the Slasher (level 4, -2/27 HPs)
             Began as a Tengu Gladiator on Apr 4, 2017.
             Slain by an orc (5 damage)
             ... on level 3 of the Dungeon.
             The game lasted 00:02:13 (2118 turns).

Isola the Slasher (Tengu Gladiator)                 Turns: 2118, Time: 00:02:15

Health: -2/27      AC:  3    Str: 14    XL:     4   Next: 22%
Magic:  5/5        EV: 13    Int: 10    God:
Gold:   124        SH:  0    Dex: 15    Spells: 3/3 levels left

rFire    . . .     SeeInvis .   a - +0 long sword
rCold    . . .     Gourm    .   (no shield)
rNeg     . . .     Faith    .   b - +0 leather armour
rPois    .         Spirit   .   c - +0 hat
rElec    .         Reflect  .   (no cloak)
rCorr    +         Harm     .   (no gloves)
MR       +....                  (boots unavailable)
Stlth    +.........             (no amulet)
Regen    0.1/turn               r - ring of resist corrosion
MPRegen  0.1/turn               h - ring of protection from magic

@: no status effects
A: beak, talons 3
a: no special abilities


You were on level 3 of the Dungeon.
You were not hungry.

You visited 1 branch of the dungeon, and saw 3 of its levels.

You collected 124 gold pieces.

Inventory:

Hand Weapons
 a - a +0 long sword (weapon)
Missiles
 d - 3 throwing nets (quivered)
Armour
 b - a +0 leather armour (worn)
 c - a +0 hat (worn)
Jewellery
 h - a ring of protection from magic (right hand)
 r - a ring of resist corrosion (left hand)
Scrolls
 e - 4 scrolls of amnesia {unknown}
 i - a scroll of blinking {unknown}
 j - 3 scrolls of identify {unknown}
 m - a scroll of enchant armour {unknown}
 o - a scroll of teleportation {unknown}
Potions
 g - a potion of degeneration {unknown}
 k - a potion of brilliance {unknown}
 q - a potion of might {unknown}
Comestibles
 f - 2 bread rations
 l - 7 chunks of flesh
 p - a meat ration


   Skills:
 + Level 2.5 Fighting
 * Level 4.4 Long Blades
 - Level 2.0 Throwing
 - Level 1.0 Armour
 + Level 3.8 Dodging


You had 3 spell levels left.
You didn't know any spells.

Dungeon Overview and Level Annotations

Branches:
Dungeon (3/15)

Altars:
Elyvilon
Ru


Innate Abilities, Weirdness & Mutations

You have a beak for a mouth.
You have claws for feet.


Message History

The orc wizard gestures wildly while chanting.
The orc wizard seems to speed up.
You barely miss the orc. Your peck misses the orc. The orc closely misses you.
You hit the orc but do no damage. You claw the orc, but do no damage.
The orc wizard casts a spell.
The orc wizard blinks!
The orc wizard casts a spell at you. The magic dart hits you!
* * * LOW HITPOINT WARNING * * *
The orc completely misses you.
You feel better.
The orc wizard casts a spell.
The orc wizard blinks!
The orc hits you.
You hit the orc but do no damage. You claw the orc, but do no damage.
Your peck misses the orc.
The orc wizard gestures at you while chanting.
The magic dart hits you!
* * * LOW HITPOINT WARNING * * *
The orc hits you.
You die...

#.# ##.#.# #.#
##....# #.#
##....o##
#.####.......##
#.............#
######.......#
##....>##
##...## ##@##
#o# #.# ..# #.#
..# ###


You could see an orc wizard and an orc.

Vanquished Creatures
  An orc priest (D:3)
  A leopard gecko (D:3)
  2 orcs (D:3)
  A ball python (D:1)
  2 giant cockroaches
  4 goblins
  7 hobgoblins
  6 kobolds
  3 bats
  A frilled lizard (D:2)
  3 rats
31 creatures vanquished.

Notes
Turn   | Place    | Note
-------+----------+-------------------------------------------
     0 | D:1      | Isola the Tengu Gladiator began the quest for the Orb.
     0 | D:1      | Reached XP level 1. HP: 12/12 MP: 2/2
   431 | D:1      | Reached XP level 2. HP: 13/17 MP: 3/3
  1293 | D:2      | Found a white marble altar of Elyvilon.
  1515 | D:2      | Reached XP level 3. HP: 21/21 MP: 4/4
  1702 | D:2      | Found a sacrificial altar of Ru.
  2069 | D:3      | Reached skill level 1 in Armour
  2085 | D:3      | Reached skill level 4 in Long Blades
  2108 | D:3      | Reached XP level 4. HP: 15/27 MP: 5/5
  2118 | D:3      | Slain by an orc

Vault maps used:
D:1:      lightli_arrival_quake
D:2:      nicolae_ru_awakened_eye, elyvilon_altar_5, minmay_misc_feat_nine_boxes
D:3:      grunt_decor_arrowhead

Skill      XL: |  1  2  3 |
---------------+----------+-----
Armour         | 1 |  1.0
Long Blades    | 4 |  4.4
Fighting       | |  2.5
Throwing       | |  2.0
Dodging        | |  3.8

Action                   |  1- 3 |  4- 6 || total
-------------------------+-------+-------++-------
Melee: Long sword        |    72 |     7 ||    79
       Kick              |    23 |     3 ||    26
       Peck              |    14 |       ||    14
  Use: Potion            |       |     2 ||     2
  Eat: Chunk             |     4 |       ||     4
Armor: Leather armour    |    17 |     1 ||    18
Dodge: Dodged            |    40 |     6 ||    46
       Rpst.: Long sword |    17 |     1 ||    18
